 Dungeon Crawl Stone Soup version 0.30.1-11-g7821555f0a (webtiles) character file.

Game seed: 9741661591854014522

62 ChrisAssaf the Chopper (level 4, -19/42 HPs)
             Began as a Naga Monk on Nov 13, 2023.
             Demolished by an ogre
             ... wielding a +0 giant spiked club
              (31 damage)
             ... on level 3 of the Dungeon.
             The game lasted 00:03:54 (831 turns).

ChrisAssaf the Chopper (Naga Monk)                   Turns: 831, Time: 00:03:54

Health: -19/42     AC:  2    Str: 14    XL:     4   Next: 8%
Magic:  5/5        EV: 10    Int: 12    God:
Gold:   54         SH:  0    Dex: 13    Spells: 4/4 levels left

rFire   + . .        a - +0 hand axe
rCold   + . .        d - orb {light}
rNeg    . . .        b - +0 robe
rPois   +            (no helmet)
rElec   +            (no cloak)
rCorr   +            (no gloves)
SInv    +            (no barding)
Will    .....        (no amulet)
Stlth   +            (no ring)
HPRegen 0.27/turn    (no ring)
MPRegen 0.09/turn

%: no passive effects
@: confused, short of breath, resistant, ambrosia-drunk, glowing, very slow
A: AC +1, large, see invisible, deformed body, poison resistance, slowness 2,
spit poison 1, naga tail 1
a: Spit Poison


You were on level 3 of the Dungeon.
You visited 1 branch of the dungeon, and saw 4 of its levels.

You collected 54 gold pieces.

Inventory:

Hand Weapons
 a - a +0 hand axe (weapon)
Armour
 b - a +0 robe (worn)
 d - an orb of light (worn)
Scrolls
 h - a scroll of poison {unknown}
 j - a scroll of teleportation {unknown}


   Skills:
 * Level 3.4 Fighting
 * Level 3.6 Axes
 * Level 0.4 Armour
 * Level 2.8 Dodging
 * Level 1.0 Stealth
 * Level 0.7 Spellcasting


You had 4 spell levels left.
You didn't know any spells.
Your spell library contained the following spells:

 Spells                   Type           Power      Damage    Failure   Level
 Dazzling Flash           Conj/Hex       0%         N/A       67%         3
 Agony                    Necr           0%         N/A       100%        5
 Silence                  Hex/Air        0%         N/A       100%        5


Dungeon Overview and Level Annotations

Branches:
Dungeon (4/15)
 Temple: D:4-7

Altars:

Shops:
D:1 !:   D:2 [([


Innate Abilities, Weirdness & Mutations

Your serpentine skin is tough. (AC +1)
You have supernaturally acute eyesight. (SInv)
Armour fits poorly on your strangely shaped body.
Your system is resistant to poisons. (rPois)
You cover ground very slowly.
You can spit poison.
You have a snake-like lower body.


Message History

There is a stone staircase leading up here.
The ogre completely misses you.
You climb upwards.
There is a stone staircase leading down here.
Aiming: Spit Poison (1% risk of failure)
Press: ? - help, Q - select action Shift-Dir - straight line, f - ogre
Aim: an ogre, wielding a +0 giant spiked club (haloed, 89% to hit)
The splash of poison hits the ogre but does no damage.
Unknown command.
It was a potion of resistance.
You feel protected. The ogre misses you.
It was a potion of magic.
Magic courses through your body. The ogre closely misses you.
It was a potion of curing.
You feel better.
It was a potion of heal wounds.
You feel much better. The ogre closely misses you.
You hit the ogre but do no damage. The ogre closely misses you.
You hit the ogre.
The ogre is lightly wounded.
You have got your breath back.
You hit the ogre.
The ogre is lightly wounded.
The ogre hits you with a +0 giant spiked club!
You hit the ogre.
The ogre is moderately wounded.
The ogre hits you with a +0 giant spiked club!!
* * * LOW HITPOINT WARNING * * *
Aiming: Spit Poison (1% risk of failure)
Press: ? - help, Q - select action Shift-Dir - straight line, f/p - ogre
Aim: an ogre, wielding a +0 giant spiked club (moderately wounded, haloed, 89% to hit)
The splash of poison hits the ogre.
The ogre is moderately wounded.
The ogre closely misses you.
You are confused.
You feel invigorated. The ogre attacks as you move away!
The ogre hits you with a +0 giant spiked club!!
Ouch! That really hurt!
You die...

#..†.#.####.#
#......##..)
##..........
#####.†.#.#....
#.........)....
#.....#.#.#.#..
#..............
#.....#.#.#.#..
#......@.......
#......O#.#...#
#####..........
##########.


You could see an ogre.

Vanquished Creatures
  3 adders
  2 dart slugs
  3 bats
  An endoplasm (D:3)
  A giant cockroach (D:3)
  6 goblins
  2 hobgoblins
  3 jackals (D:2)
  2 quokkas
  3 ball pythons
  2 frilled lizards (D:3)
  3 rats
31 creatures vanquished.

Notes
Turn   | Place    | Note
-------+----------+-------------------------------------------
     0 | D:1      | ChrisAssaf the Naga Monk began the quest for the Orb.
     0 | D:1      | Reached XP level 1. HP: 21/21 MP: 1/1
    18 | D:1      | Found Jyvam's Book Shoppe.
    98 | D:1      | Reached XP level 2. HP: 28/28 MP: 2/2
   132 | D:1      | Found Vimn's Distillery.
   161 | D:2      | Found Garugaryeng's Armour Boutique.
   188 | D:2      | Found a transporter.
   195 | D:2      | Found Huenoed's Armour Boutique.
   201 | D:2      | Found a transporter.
   309 | D:2      | Reached XP level 3. HP: 31/34 MP: 3/3
   347 | D:2      | Found Ronaoger's Antique Weapon Emporium.
   710 | D:3      | Reached skill level 1 in Stealth
   710 | D:3      | Reached XP level 4. HP: 15/42 MP: 5/5
   817 | D:4      | Noticed an ogre
   831 | D:3      | Demolished by an ogre

Illustrated notes

Levels and vault maps discovered:
D:1:      minmay_arrival_nine_rooms, layout_loops_cross, serial_shops,
          nicolae_shop_statue_plus, nicolae_shop_tiny_statue_garden,
          nicolae_book_shop_shelving, nicolae_shop_rolling_square
D:2:      layout_basic, serial_shops, shop, nicolae_diamond_shop, shop,
          nicolae_shop_drivethru
D:3:      kennysheep_big_flooded_room, layout_basic,
          dreamdust_ecumenical_altar_hidden_monk_grotto, st_stairs_2
D:4:      layout_basic, mainiacjoe_overflow_concentric_impassable, uniq_ijyb

Skill      XL: |  1  2  3 |
---------------+----------+-----
Stealth        | 1 |  1.0
Fighting       | |  3.4
Axes           | |  3.6
Armour         | |  0.4
Dodging        | |  2.8
Spellcasting   | |  0.7

Action                     |  1- 3 |  4- 6 || total
---------------------------+-------+-------++-------
  Melee: Hand axe          |    49 |     5 ||    54
Ability: Spit Poison       |    23 |     2 ||    25
    Use: Potion            |       |     5 ||     5
 Armour: Robe              |    15 |       ||    15
  Dodge: Dodged            |    47 |     6 ||    53
